 Dungeon Crawl Stone Soup version 0.26.1-11-gd32895ea62 (webtiles) character file.

Game seed: 6437326772782145018

408 Tirrikindir the Slasher (level 6, 0/43 HPs)
             Began as an Octopode Fighter on May 30, 2021.
             Killed by divine providence
             ... invoked by an orc priest
              (16 damage)
             ... on level 4 of the Dungeon.
             The game lasted 00:05:39 (2515 turns).

Tirrikindir the Slasher (Octopode Fighter)          Turns: 2515, Time: 00:05:42

Health: 0/43       AC:  1    Str: 16    XL:     6   Next: 88%
Magic:  6/6        EV: 12    Int: 10    God:
Gold:   161        SH: 11    Dex: 13    Spells: 5/5 levels left

rFire    . . .     SeeInvis .   a - +1 long sword
rCold    . . .     Faith    .   h - +2 kite shield
rNeg     . . .     Spirit   .   (helmet restricted)
rPois    +         Reflect  .   (no amulet)
rElec    .         Harm     .   l - ring of poison resistance
rCorr    .         Rampage  .   (no ring)
Will     .....                  (no ring)
Stlth    +++.......             (no ring)
HPRegen  0.14/turn              (no ring)
MPRegen  0.10/turn              (no ring)
                                (no ring)
                                (no ring)

@: mighty
A: almost no armour, stealthy swim, amphibious, 8 rings, constrict 8, camouflage
1, gelatinous body 1
a: no special abilities


You were on level 4 of the Dungeon.
You visited 1 branch of the dungeon, and saw 4 of its levels.

You collected 161 gold pieces.

Inventory:

Hand Weapons
 a - a +1 long sword (weapon)
 j - a +0 dagger of draining
Missiles
 b - 9 boomerangs (quivered)
Armour
 h - a +2 kite shield (worn)
Jewellery
 l - a ring of poison resistance (left tentacle)
Scrolls
 d - 4 scrolls of teleportation
 k - 2 scrolls of remove curse
Potions
 c - a potion of might
 e - 2 potions of cancellation
 f - a potion of brilliance
 g - a potion of haste {unknown}
 i - a potion of heal wounds {unknown}


   Skills:
 - Level 4.0 Fighting
 * Level 4.6 Long Blades
 - Level 4.0 Dodging
 + Level 3.6 Stealth
 - Level 4.0 Shields


You had 5 spell levels left.
You didn't know any spells.
Your spell library was empty.

Dungeon Overview and Level Annotations

Branches:
Dungeon (4/15)
 Temple: D:4-7

Altars:


Innate Abilities, Weirdness & Mutations

You cannot wear most types of armour.
You are very stealthy in the water. (Stealth+)
You are amphibious.
You can wear up to eight rings at the same time.
You can use your tentacles to constrict eight enemies at once.
Your skin changes colour to match your surroundings (Stealth+).
Your rubbery body absorbs attacks. (AC +1, EV +1)


Message History

Ouch! That really hurt!
You hear a shout!
You hit the ogre but do no damage. You squeeze the ogre!
The ogre is moderately wounded.
You hear an angry hiss.
You block the ogre's attack.
You hit the ogre. You squeeze the ogre.
The ogre is severely wounded.
The ogre hits you with a +0 giant club.
You slash the ogre!
You kill the ogre!
Training target 4.0 for Fighting reached!
Your Fighting skill increases to level 4!
You feel very mighty all of a sudden. You block the orc's attack.
The orc wizard mumbles some strange words.
The orc wizard seems to speed up.
The orc priest invokes the aid of Beogh against you.
Beogh smites you!
You die...

.....#..
#........
......###.......
#.....#......#
#.#.........##
#...........#
#........#.#
#.....o###.##
#..<##oo#...#
##...#..#@..#
##...###....## .
..##...## ##...#
.##...#...#
##..#
.......[[##
#.... ......!o##
##.....
........#
#......
......... ..###.
....$.... ..#


You could see an orc priest, an orc wizard (fast) and an orc.

Vanquished Creatures
  2 ogres
  A hound (D:4)
  2 orc priests (D:3)
  An iguana (D:4)
  Terence (D:2)
  2 adders
  4 dart slugs
  2 leopard geckos
  11 orcs
  2 giant cockroaches (D:1)
  11 goblins
  4 hobgoblins
  8 jackals
  A quokka (D:3)
  6 bats
  5 frilled lizards
  5 kobolds
  6 rats
74 creatures vanquished.

Notes
Turn   | Place    | Note
-------+----------+-------------------------------------------
     0 | D:1      | Tirrikindir the Octopode Fighter began the quest for the
                  | Orb.
     0 | D:1      | Reached XP level 1. HP: 16/16 MP: 1/1
   106 | D:1      | Reached XP level 2. HP: 20/21 MP: 2/2
   122 | D:1      | Reached skill level 1 in Stealth
   171 | D:1      | Reached XP level 3. HP: 23/26 MP: 3/3
   858 | D:2      | Reached XP level 4. HP: 29/31 MP: 4/4
   908 | D:2      | Noticed Terence
   916 | D:2      | Killed Terence
  1320 | D:3      | Reached XP level 5. HP: 16/36 MP: 5/5
  2174 | D:4      | Noticed an ogre
  2174 | D:4      | Noticed an ogre
  2180 | D:3      | Killed an ogre
  2181 | D:3      | Reached XP level 6. HP: 21/43 MP: 6/6
  2515 | D:4      | Killed from afar by an orc priest

Illustrated notes

Levels and vault maps discovered:
D:1:      giann_forest_graveyard, layout_loops_ring, minmay_tromino_v7
D:2:      layout_rooms, uniq_terence
D:3:      layout_basic, glass_columns_b, nrook_campfire
D:4:      layout_cave_pools, serial_shops, kennysheep_little_box,
          uniq_crazy_yiuf_cottage

Skill      XL: |  1  2  3  4  5  6 |
---------------+-------------------+-----
Stealth        | 1 2 3 |  3.6
Long Blades    | 3 4 |  4.6
Dodging        | 4 |  4.0
Shields        | 4 |  4.0
Fighting       | 4 |  4.0

Action                   |  1- 3 |  4- 6 || total
-------------------------+-------+-------++-------
Melee: Long sword        |    51 |    70 ||   121
       Constrict         |    22 |    19 ||    41
       Tentacles         |     9 |    17 ||    26
Throw: Boomerang         |       |     2 ||     2
  Use: Scroll            |     7 |     5 ||    12
       Potion            |       |     1 ||     1
 Stab: Sleeping          |    10 |     1 ||    11
Armor: Skin              |     5 |     3 ||     8
Dodge: Dodged            |    29 |    28 ||    57
Block: Kite shield       |    22 |    34 ||    56
       Rpst.: Long sword |    12 |     7 ||    19
